 Dungeon Sprint DCSS version 0.30.1-11-g7821555f0a (webtiles) character file.

Game seed: 3098244867550334391

23809 Heoruswealwe the Minotaur Porcupine (level 12, -1/133 HPs)
             Began as a Minotaur Fighter on Dec 28, 2023.
             Was an Initiate of Gozag.
             Slain by a fire giant
             ... wielding a +0 great sword of flaming
              (5 damage)
             ... in the Dungeon (Sprint IX: "|||||||||||||||||||||||||||||").
             The game lasted 00:28:23 (2719 turns).

Heoruswealwe the Minotaur Porcupine (MiFi)          Turns: 2719, Time: 00:28:26

Health: -1/133     AC: 27    Str: 32    XL:     12   Next: 75%
Magic:  11/11      EV:  9    Int:  5    God:    Gozag
Gold:   1054       SH:  0    Dex: 10    Spells: 11/11 levels left

rFire   + . .        b - +4 glaive (flame)
rCold   . . .        (shield currently unavailable)
rNeg    . . .        c - +1 plate armour {rPois}
rPois   +            (helmet restricted)
rElec   .            h - +0 cloak
rCorr   .            f - +2 pair of gloves {Str+3}
SInv    .            e - +0 pair of boots
Will    .....        (no amulet) Stlth
                     k - +3 ring of strength
HPRegen 0.42/turn    j - ring of protection from fire
MPRegen 0.12/turn

%: no teleportation
@: no status effects
A: horns 2, retaliatory headbutt
a: Renounce Religion, Potion Petition, Call Merchant, Bribe Branch


You were in the Dungeon.
You worshipped Gozag.
Gozag was most pleased with you.
You visited 1 branch You collected 8438 gold pieces.
You spent 3128 gold pieces at shops.
You paid 4256 gold pieces to Gozag.

Inventory:

Hand Weapons
 a - a +0 trident
 b - a +4 glaive of flaming (weapon)
 l - the +5 Lochaber axe {reach-cleave, Poleaxe Drain}
   (You found it in the Dungeon)

   Poleaxe:   It uses either Axes or Polearms skill, whichever is higher.
   Drain:     It drains your maximum health when unequipped.
Armour
 c - a +1 plate armour of poison resistance (worn)
 d - the +18 shield of the Gong {Loud rN+ Will+ rCorr EV-5}
   (You bought it in a shop in the Dungeon)

   Loud:      It is deafeningly noisy when blocking attacks.
   EV:        It affects your evasion (-5).
   rN:        It protects you from negative energy.
   rCorr:     It protects you from acid and corrosion.
   Will:      It increases your willpower.
 e - a +0 pair of boots (worn)
 f - a +2 pair of gloves of strength (worn)
 h - a +0 cloak (worn)
Jewellery
 j - a ring of protection from fire (right hand)
 k - a +3 ring of strength (left hand)
 u - a ring of protection from cold
Wands
 m - a wand of roots (10)
Scrolls
 o - 2 scrolls of blinking
 p - 2 scrolls of identify
 q - 2 scrolls of enchant armour
 w - a scroll of brand weapon
 y - 2 scrolls of enchant weapon
Potions
 i - 5 potions of heal wounds
 n - 2 potions of might
 r - a potion of ambrosia
 v - a potion of curing
 x - a potion of resistance
 z - a potion of mutation
Miscellaneous
 s - a box of beasts
 t - a lightning rod (4/4)


   Skills:
 + Level 20.2 Fighting
 O Level 27 Polearms
 + Level 20.3 Armour
 + Level 0.0 Dodging
 + Level 3.6 Shields
 + Level 0.0 Evocations


You had 11 spell levels left.
You didn't know any spells.
Your spell library was empty.

Dungeon Overview and Level Annotations

Branches:
Dungeon (1/1)

Altars:
Cheibriados
Dithmenos
Elyvilon
Fedhas
Gozag
Hepliaklqana
Kikubaaqudgha
Makhleb
Nemelex Xobeh
Okawaru
Qazlal
Ru
Sif Muna
Trog
Uskayaw
Vehumet
Wu Jian
Xom
Yredelemnul
Zin
The Shining One
Jiyva
Lugonu

Shops:
D **((=[(:


Innate Abilities, Weirdness & Mutations

You have a pair of horns on your head.
You reflexively headbutt those who attack you in melee.


Message History

The frost giant freezes you.
You open the frost giant like a pillowcase!!!
You burn the frost giant!
You kill the frost giant!
You have mastered Polearms!
You hit the ettin but do no damage. You completely miss the ettin.
The ettin hits you but does no damage.
The ettin hits you with a +0 dire flail!!
You slice the ettin!! You burn the ettin!
The ettin is severely wounded.
The tengu warrior is distracted by your dazzling golden aura.
The ettin hits you with a +0 dire flail!!
The ettin hits you with a +0 dire flail!
The tengu warrior shouts!
You hit the ettin. You burn the ettin. You headbutt the ettin.
The ettin is severely wounded.
You slash the ettin! You burn the ettin.
The ettin is almost dead.
You slice the fire giant!! You burn the fire giant.
You headbutt the fire giant, but do no damage.
The fire giant is moderately wounded.
You slash the fire giant!
The fire giant is heavily wounded.
You slash the fire giant!
The fire giant is heavily wounded.
The fire giant hits you with a +0 great sword of flaming!
The fire giant burns you.
* * * LOW HITPOINT WARNING * * *
You slice the fire giant!!
The fire giant is almost dead.
The fire giant casts a spell at you. The bolt of fire hits you! You resist.
* * * LOW HITPOINT WARNING * * *
You slash the fire giant!
The fire giant is almost dead.
The fire giant hits you with a +0 great sword of flaming!!
* * * LOW HITPOINT WARNING * * *
The fire giant burns you.
You die...
Your body crumbles into a pile of gold.

,,,,,,+,,,,,,,,,,,,,,,,,,,,,+,,,,
*********************************
,,,,,,,,,,,,,,,,,,,,,,,,,,,,,,,,,
*********************************
,,,,,,,,,+,,,,,,,,,+,,,,,,,,,+,,,
*********************************
,,,,,,,,,,,,,,,,,,,,,,,,,,,,,,,,,
*********▓▓▓▓▓▓▓▓▓▓▓▓▓▓▓▓▓▓▓▓▓▓▓▓
,,,,,,+,,*.Q.QCC@.$..$$........?.
▓▓▓▓▓▓▓▓▓▓▓▓▓▓▓▓▓▓▓▓▓▓▓▓▓▓▓▓▓▓▓▓▓
............................)....
▓▓▓▓▓▓▓▓▓▓▓▓▓▓▓▓▓▓▓▓▓▓▓▓▓▓▓▓▓▓▓▓▓
..∩.∩.'.∩.∩.∩.∩.∩.∩...?['........
▓▓▓▓▓▓▓▓▓▓▓▓▓▓▓▓▓▓▓▓▓▓▓▓▓▓▓▓▓▓▓▓▓
.................................
▓▓▓▓▓▓▓▓▓▓▓▓▓▓▓▓▓▓▓▓▓▓▓▓▓▓▓▓▓▓▓▓▓
.'...[[[..'...(........'.........


You could see a fire giant, an ettin, a tengu warrior, a tengu conjurer and a
battlesphere (distracted).

Vanquished Creatures
  A frost giant (D)
  A rakshasa (D)
  A centaur warrior (D)
  A hydra (D)
  2 catoblepae (D)
  7 death yaks (D)
  3 tengu warriors (D)
  An orc high priest (D)
  A lindwurm (D)
  12 orc knights (D)
  A deep elf pyromancer (D)
  2 cyclopes (D)
  An elephant (D)
  Joseph (D)
  5 cane toads (D)
  Psyche (D)
  2 efreet (D)
  3 komodo dragons (D)
  A troll (shapeshifter) (D)
  2 trolls (D)
  A blink frog (D)
  A wyvern (D)
  A shadow (D)
  A vampire (D)
  2 wraiths (D)
  A basilisk (D)
  2 yaks (D)
  A water moccasin (D)
  9 orc warriors (D)
  A centaur (D)
  2 bullfrogs (D)
  A hound (D)
  4 orc priests (D)
  A sleepcap (D)
  6 orc wizards (D)
  3 adders (D)
  8 orcs (D)
  A giant cockroach (D)
  A goblin (D)
  A hobgoblin (D)
  A bat (D)
  A kobold (D)
99 creatures vanquished.

Notes
Turn   | Place    | Note
-------+----------+-------------------------------------------
     0 | D        | Heoruswealwe the Minotaur Fighter began the quest for the
                  | Orb.
     0 | D        | Reached XP level 1. HP: 19/19 MP: 0/0
    15 | D        | Reached skill level 3 in Polearms
    25 | D        | Banished a spatial maelstrom
    31 | D        | Noticed a hound
    31 | D        | Noticed a sleepcap
    39 | D        | Reached skill level 4 in Polearms
    39 | D        | Reached XP level 2. HP: 28/28 MP: 1/1
    45 | D        | Reached skill level 5 in Fighting
    45 | D        | Reached skill level 6 in Polearms
    45 | D        | Reached skill level 5 in Armour
    45 | D        | Reached XP level 3. HP: 29/36 MP: 2/2
    56 | D        | Reached skill level 7 in Polearms
    56 | D        | Reached XP level 4. HP: 35/44 MP: 3/3
    62 | D        | Found a snail-covered altar of Cheibriados.
    62 | D        | Found a shadowy altar of Dithmenos.
    62 | D        | Found a white marble altar of Elyvilon.
    62 | D        | Found a blossoming altar of Fedhas.
    62 | D        | Found an opulent altar of Gozag.
    63 | D        | Found a hazy altar of Hepliaklqana.
    64 | D        | Found a viscous altar of Jiyva.
    65 | D        | Found an ancient bone altar of Kikubaaqudgha.
    66 | D        | Found a corrupted altar of Lugonu.
    67 | D        | Found a burning altar of Makhleb.
    68 | D        | Found a sparkling altar of Nemelex Xobeh.
    69 | D        | Found an iron altar of Okawaru.
    70 | D        | Became a worshipper of Gozag Ym Sagoz the Greedy
    71 | D        | Found a stormy altar of Qazlal.
    72 | D        | Found a sacrificial altar of Ru.
    73 | D        | Found a shimmering blue altar of Sif Muna.
    74 | D        | Found a bloodstained altar of Trog.
    75 | D        | Found a hide-covered altar of Uskayaw.
    76 | D        | Found a radiant altar of Vehumet.
    77 | D        | Found an ornate altar of the Wu Jian Council.
    78 | D        | Found a shimmering altar of Xom.
    79 | D        | Found a basalt altar of Yredelemnul.
    80 | D        | Found a glowing silver altar of Zin.
    81 | D        | Found a glowing golden altar of the Shining One.
   137 | D        | Noticed a troll
   137 | D        | Noticed a centaur
   137 | D        | Noticed a yak
   137 | D        | Noticed a yak
   137 | D        | Noticed a vampire
   151 | D        | Killed a vampire
   152 | D        | Reached skill level 10 in Polearms
   152 | D        | Reached XP level 5. HP: 40/53 MP: 4/4
   158 | D        | Killed a yak
   159 | D        | Reached skill level 12 in Polearms
   159 | D        | Reached XP level 6. HP: 49/63 MP: 5/5
   159 | D        | Killed a yak
   160 | D        | Reached XP level 7. HP: 55/71 MP: 6/6
   165 | D        | Reached skill level 10 in Fighting
   165 | D        | Reached skill level 13 in Polearms
   165 | D        | Reached skill level 10 in Armour
   170 | D        | Killed a troll
   171 | D        | Reached skill level 14 in Polearms
   220 | D        | Noticed a wraith
   220 | D        | Noticed a wraith
   220 | D        | Noticed a troll
   220 | D        | Noticed a deep elf pyromancer
   220 | D        | Noticed a tengu warrior
   220 | D        | Noticed a shadow
   225 | D        | Killed a shadow
   234 | D        | Killed a deep elf pyromancer
   235 | D        | Reached skill level 15 in Polearms
   235 | D        | Reached XP level 8. HP: 24/83 MP: 7/7
   238 | D        | Killed a tengu warrior
   239 | D        | Reached skill level 16 in Polearms
   239 | D        | Reached XP level 9. HP: 33/92 MP: 8/8
   241 | D        | Killed a troll
   242 | D        | Reached skill level 17 in Polearms
   549 | D        | Noticed a cane toad
   549 | D        | Noticed a cane toad
   549 | D        | Noticed a cane toad
   551 | D        | Noticed a komodo dragon
   554 | D        | Killed a cane toad
   555 | D        | Reached skill level 18 in Polearms
   558 | D        | Noticed a lindwurm
   569 | D        | Noticed a komodo dragon
   571 | D        | Killed a cane toad
   577 | D        | Killed a cane toad
   578 | D        | Reached skill level 19 in Polearms
   581 | D        | Killed a komodo dragon
   582 | D        | Reached XP level 10. HP: 29/104 MP: 9/9
   590 | D        | Killed a lindwurm
   595 | D        | Reached skill level 20 in Polearms
   817 | D        | Noticed a death yak
   817 | D        | Noticed a cane toad
   817 | D        | Noticed a cane toad
   818 | D        | Noticed a six-headed hydra
   822 | D        | Killed a cane toad
   823 | D        | Reached skill level 15 in Fighting
   823 | D        | Reached skill level 15 in Armour
   827 | D        | Killed a cane toad
   831 | D        | Killed a death yak
   840 | D        | Killed an 11-headed hydra
   841 | D        | Reached skill level 21 in Polearms
   847 | D        | Noticed an elephant
  1118 | D        | Killed an elephant
  1144 | D        | Noticed a death yak
  1144 | D        | Noticed a catoblepas
  1144 | D        | Noticed a death yak
  1144 | D        | Noticed a death yak
  1144 | D        | Noticed a death yak
  1144 | D        | Noticed a death yak
  1148 | D        | Killed a death yak
  1148 | D        | Noticed a death yak
  1149 | D        | Reached XP level 11. HP: 115/115 MP: 10/10
  1153 | D        | Noticed a catoblepas
  1154 | D        | Killed a death yak
  1155 | D        | Reached skill level 22 in Polearms
  1161 | D        | Killed a death yak
  1166 | D        | Killed a death yak
  1179 | D        | Killed a catoblepas
  1192 | D        | Killed a death yak
  1193 | D        | Reached skill level 23 in Polearms
  1197 | D        | Killed a death yak
  1202 | D        | Killed a catoblepas
  1633 | D        | Noticed an orc knight
  1633 | D        | Noticed an orc high priest
  1633 | D        | Noticed an orc knight
  1646 | D        | Killed an orc knight
  1670 | D        | Killed an orc high priest
  1671 | D        | Reached skill level 24 in Polearms
  1679 | D        | Killed an orc knight
  1903 | D        | Found Esut's Book Boutique.
  1903 | D        | Noticed an orc knight
  1903 | D        | Noticed an orc knight
  1903 | D        | Noticed an orc knight
  1903 | D        | Noticed an orc knight
  1904 | D        | Noticed an orc knight
  1905 | D        | Noticed an orc knight
  1910 | D        | Killed an orc knight
  1919 | D        | Killed an orc knight
  1924 | D        | Killed an orc knight
  1925 | D        | Reached XP level 12. HP: 66/128 MP: 11/11
  1929 | D        | Reached skill level 25 in Polearms
  2187 | D        | Found Diked's Weapon Shop.
  2191 | D        | Found Nemyung's Armour Boutique.
  2195 | D        | Found Bowifoid's Jewellery Shop.
  2311 | D        | Bought a +2 pair of gloves of strength for 258 gold pieces
  2311 | D        | Bought the +18 shield of the Gong {Loud rN+ Will+ rCorr
                  | EV-5} for 1150 gold pieces
  2311 | D        | Found the +18 shield of the Gong {Loud rN+ Will+ rCorr
                  | EV-5}
  2348 | D        | Bought a +4 glaive of flaming for 438 gold pieces
  2360 | D        | Bought a potion of lignification for 42 gold pieces
  2360 | D        | Bought a potion of ambrosia for 112 gold pieces
  2360 | D        | Bought a box of beasts for 560 gold pieces
  2360 | D        | Bought a scroll of identify for 28 gold pieces
  2360 | D        | Bought a lightning rod (4/4) for 420 gold pieces
  2360 | D        | Bought a scroll of immolation for 56 gold pieces
  2363 | D        | Bought a scroll labelled EKUC RALUI for 32 gold pieces
  2363 | D        | Bought a scroll labelled OHIMOE MOZUU for 32 gold pieces
  2446 | D        | Noticed Psyche
  2453 | D        | Killed Psyche
  2466 | D        | Noticed Joseph
  2471 | D        | Killed Joseph
  2545 | D        | Found the +5 Lochaber axe {reach-cleave, Poleaxe Drain}
  2660 | D        | Noticed a centaur warrior
  2671 | D        | Reached skill level 26 in Polearms
  2676 | D        | Noticed a tengu warrior
  2677 | D        | Noticed a tengu warrior
  2678 | D        | Noticed a rakshasa
  2679 | D        | Noticed a frost giant
  2681 | D        | Killed a centaur warrior
  2692 | D        | Killed a tengu warrior
  2692 | D        | Noticed an ettin
  2695 | D        | Noticed a tengu warrior
  2698 | D        | Killed a tengu warrior
  2700 | D        | Noticed a fire giant
  2704 | D        | Killed a rakshasa
  2709 | D        | Killed a frost giant
  2710 | D        | Reached skill level 27 in Polearms
  2719 | D        | HP: 4/133 [fire giant/+0 great sword of flaming (27)]
  2719 | D        | Slain by a fire giant

Illustrated notes

Levels and vault maps discovered:
D:        linesprint [early_d, line_temple, items_1, d_10, items_2, lair_1,
          lair_end, items_3, orc_1, orc_end, items_4, d_15, swamp_1, shoals_1,
          snake_1, spider_1, d_20, vaults_1, items_5, swamp_end, shoals_end,
          snake_end, spider_end, vaults_end, d_27, items_6, zot_1, zot_end,
          crypt_end, forest_end, elf_end, slime_end, tomb_end, abyss_end,
          pan_hell_end]

Skill      XL: |  1  2  3  4  5  6  7  8  9 10 11 12 |
---------------+-------------------------------------+-----
Fighting       | 4 5 6 8 9 11 12 14 16 18 20 | 20.2
Polearms       | 4 6 7 10 12 15 16 19 21 24 27 | 27.0
Armour         | 4 5 6 8 9 11 12 14 16 18 20 | 20.3
Shields        | |  3.6

Action                     |  1- 3 |  4- 6 |  7- 9 | 10-12 || total
---------------------------+-------+-------+-------+-------++-------
  Melee: Trident           |    40 |       |       |       ||    40
         Headbutt          |     5 |     2 |    11 |    44 ||    62
         Halberd           |       |    19 |    61 |   198 ||   278
         Glaive            |       |       |       |    51 ||    51
 Invoke: Call Merchant     |       |       |       |     4 ||     4
    Use: Potion            |       |     3 |     5 |     6 ||    14
         Scroll            |       |       |       |     4 ||     4
   Stab: Distracted        |       |       |     1 |     2 ||     3
         Petrified         |       |       |       |     1 ||     1
 Armour: Scale mail        |    10 |       |       |       ||    10
         Plate armour      |       |    15 |    32 |    77 ||   124
  Dodge: Dodged            |    17 |     2 |    16 |    53 ||    88
  Block: Buckler           |    14 |       |       |       ||    14
